 Dungeon Crawl Stone Soup version 0.31.0-11-ge490571c62 (webtiles) character file.

Game seed: 12356748462900836814

137429 GoblinMatron the Unseen (level 16, -7/107 (110) HPs)
             Began as a Vampire Enchanter on Jan 26, 2024.
             Was the Champion of Hepliaklqana.
             Mangled by a pharaoh ant (22 damage)
             ... on level 1 of the Spider Nest.
             The game lasted 01:04:51 (31937 turns).

GoblinMatron the Unseen (Vampire Enchanter)        Turns: 31937, Time: 01:04:52

HP:   -7/107 (110)  AC: 18    Str: 13    XL:     16   Next: 69%
MP:   15/30         EV: 16    Int: 28    God:    Hepliaklqana [******]
Gold: 2610          SH:  0    Dex: 18    Spells: 27/35 levels left

rFire   . . .        F - +0 rapier
rCold   . . .        g - orb {guile}
rNeg    . . .        u - +6 scale mail of Punaut {rElec Int+5 Dex-5}
rPois   .            X - +1 helmet
rElec   +            D - +1 cloak
rCorr   .            p - +0 pair of gloves
SInv    +            n - +0 pair of boots
Will    .....        M - amulet of the acrobat
Stlth   ++++++       T - +6 ring of strength
HPRegen 0.57/turn    Y - +6 ring of dexterity
MPRegen 0.22/turn

%: acrobat
@: lethally poisoned (-7 -> -41), healing quickly, lightly drained
A: reduced essence, alive, fangs 3, see invisible, vampiric 2
a: Exsanguinate, Renounce Religion, Recall Ancestor, Ancestor Identity,
Transference, Idealise


You were on level 1 of the Spider Nest.
You worshipped Hepliaklqana.
Hepliaklqana was exalted by your worship.
You visited 5 branches of the dungeon, and saw 24 of its levels.
You also visited: Ossuary.

You collected 3006 gold pieces.
You spent 396 gold pieces at shops.

Inventory:

Hand Weapons
 F - a +0 rapier (weapon)
 S - a +2 dagger of distortion {!w}
Missiles
 e - 16 curare-tipped darts
 w - 2 throwing nets
Armour
 g - an orb of guile (worn)
 n - a +0 pair of boots (worn)
 p - a +0 pair of gloves (worn)
 r - the +4 skin of Zhor {*Englaciate rC+++ SInv}
   (You found it on level 15 of the Dungeon)

   *Englaciate: It radiates cold, occasionally slowing all nearby creatures who
   are not resistant to cold.
   rC+++:     It renders you almost immune to cold.
   SInv:      It lets you see invisible.
 u - the +6 scale mail of Punaut (worn) {rElec Int+5 Dex-5}
   (You found it on level 3 of the Lair of Beasts)

   Int+5:     It affects your intelligence (+5).
   Dex-5:     It affects your dexterity (-5).
   rElec:     It insulates you from electricity.
 D - a +1 cloak (worn)
 Q - a +3 troll leather armour {Snorg}
 X - a +1 helmet (worn)
Jewellery
 f - the ring "Qamuz" {rPois rF+ rN++ Int-3 Slay+2}
   (You acquired it on level 12 of the Dungeon)

   [ring of protection from fire]

   Int-3:     It affects your intelligence (-3).
   Slay+2:    It affects your accuracy & damage with ranged weapons and melee
   (+2).
   rF+:       It protects you from fire.
   rPois:     It protects you from poison rN++: It greatly protects you from
   negative energy.
 y - a ring of poison resistance
 M - an amulet of the acrobat (around neck)
 T - a +6 ring of strength (left hand)
 U - a ring of protection from cold
 Y - a +6 ring of dexterity (right hand)
 Z - an amulet of magic regeneration
Wands
 i - a wand of roots (13)
 v - a wand of digging (6)
 E - a wand of polymorph (6)
Scrolls
 h - 4 scrolls of poison
 o - 9 scrolls of teleportation {@r3}
 s - 6 scrolls of brand weapon
 t - 2 scrolls of amnesia
 x - 5 scrolls of fog {@r2}
 B - 4 scrolls of enchant weapon
 I - 2 scrolls of enchant armour
 J - 4 scrolls of vulnerability {!r}
 K - 3 scrolls of immolation
 O - 3 scrolls of summoning {!r}
 V - 2 scrolls of silence {!r}
 W - 4 scrolls of revelation {@r5}
Potions
 a - 4 potions of cancellation
 b - 3 potions of enlightenment
 c - 4 potions of invisibility
 d - 10 potions of mutation
 j - 6 potions of might {@q3}
 l - 10 potions of haste {@q5}
 m - a potion of ambrosia {unknown}
 q - 4 potions of curing {@q2}
 A - 4 potions of berserk rage {unknown}
 G - 6 potions of heal wounds {unknown}
 H - 5 potions of magic {unknown}
 L - a potion of resistance {unknown}
 N - 7 potions of brilliance {unknown}
 P - 5 potions of attraction {unknown}
 R - 4 potions of lignification {unknown}
Miscellaneous
 C - a sack of spiders


   Skills:
 - Level 10.3 Fighting
 - Level 14.0 Short Blades
 - Level 15.0 Dodging
 - Level 20.0 Stealth
 - Level 10.0 Spellcasting
 - Level 15.0 Hexes
 + Level 2.3 Translocations
 - Level 10.0 Invocations


You had 27 spell levels left.
You knew the following spells:

 Your Spells              Type           Power      Damage    Failure   Level
c - Confusing Touch       Hex            78%        N/A       1%          3
d - Dazzling Flash        Conj/Hex       100%       N/A       2%          3
e - Ensorcelled Hibernat  Hex/Ice        100%       N/A       1%          2

Your spell library contained the following spells:

 Spells                   Type           Power      Damage    Failure   Level
 Jinxbite                 Hex            100%       N/A       1%          2
 Tukima's Dance           Hex            78%        N/A       1%          3
 Apportation              Tloc           52%        N/A       8%          1
 Blink                    Tloc           52%        N/A       12%         2
 Magic Dart               Conj           56%        1d5       21%         1
 Necrotise                Necr           56%        1d6       21%         1
 Summon Mana Viper        Hex/Summ       54%        N/A       26%         5
 Call Imp                 Summ           28%        N/A       30%         2
 Scorch                   Fire           28%        2d6       30%         2
 Static Discharge         Conj/Air       28%        3-5/arc   30%         2
 Volatile Blastmotes      Fire/Tloc      40%        2d13      36%         3
 Hailstorm                Conj/Ice       14%        3d6       52%         3
 Summon Ice Beast         Ice/Summ       14%        N/A       52%         3
 Vampiric Draining        Necr           14%        2d7       52%         3
 Iskenderun's Mystic Bla  Conj/Tloc      20%        2d6       77%         4
 Vhi's Electric Charge    Tloc/Air       40%        N/A       77%         4
 Airstrike                Air            7%         2d(1-17)  89%         4
 Flame Wave               Conj/Fire      14%        2d6       89%         4
 Fulminant Prism          Conj/Alch      7%         3d6       89%         4
 Martyr's Knell           Necr/Summ      14%        N/A       89%         4
 Summon Lightning Spire   Summ/Air       14%        N/A       89%         4
 Alistair's Intoxication  Alch           9%         N/A       99%         5
 Arcjolt                  Conj/Air       7%         1d17      99%         5
 Curse of Agony           Necr           14%        N/A       99%         5
 Freezing Cloud           Conj/Ice/Air   7%         6-21      99%         5
 Plasma Beam              Fire/Air       7%         2x1d17    100%        6
 Sculpt Simulacrum        Ice/Alch       7%         N/A       100%        6
 Starburst                Conj/Fire      7%         6d4       100%        6
 Summon Cactus Giant      Summ           7%         N/A       100%        6
 Monstrous Menagerie      Summ           7%         N/A       100%        7
 Orb of Destruction       Conj           7%         9d6       100%        7
 Maxwell's Capacitive Co  Air            7%         ∞         100%        8


Dungeon Overview and Level Annotations

Branches:
Dungeon (15/15) Temple (1/1) D:7 Lair (5/5) D:9 Shoals (0/4) Lair:2 Spider (1/4) Lair:3 Slime (0/5) Lair:4 Orc (2/2) D:12 Elf (0/3) Orc:2 Vaults (0/5) D:13 D:14 Depths (0/4) D:15 Ossuary (visited)

Altars:
Ashenzari
Cheibriados
Dithmenos
Fedhas
Gozag
Hepliaklqana
Kikubaaqudgha
Makhleb
Nemelex Xobeh
Okawaru
Qazlal
Ru
Sif Muna
Trog
Uskayaw
Vehumet
Wu Jian
Xom
Yredelemnul
Jiyva

Shops:
D:9 *   D:13 ?   D:14 **[?=   Orc:2 [?[[(

Portals:
Abyss: Orc:2

Annotations:
D:9 exclusion: obsidian statue
Temple 4 transporters
Orc:2 2 transporters, kazak's ghost, journeyman OpFE


Innate Abilities, Weirdness & Mutations

Your life essence is reduced to manifest your ancestor. (-10% HP)
Your natural rate of healing is accelerated.
You have razor-sharp teeth.
You have supernaturally acute eyesight. (SInv)
You are afflicted with vampirism and can become a bat while bloodless.


Message History

The jumping spider leaps!
The pharaoh ant bites you.
You feel drained.
You hit the culicivora but do no damage.
The culicivora appears confused.
The culicivora bites itself!
The redback misses you.
You catch the helpless culicivora completely off-guard!
You stick the culicivora like a pincushion!!!
You kill the culicivora!
The pharaoh ant barely misses you.
Your Translocations skill increases to level 2!
Casting: Confusing Touch (safe; 1% risk of failure)
Confirm with . or Enter, or press ? or * to list all spells.
Aiming: Ensorcelled Hibernation (safe; 1% risk of failure)
Press: ? - help, Shift-Dir - straight line, f - demonic crawler, p - redback
Aim: a demonic crawler (chance to affect: 84%)
The demonic crawler looks drowsy...
The redback bites you but does no damage.
The jumping spider leaps!
The pharaoh ant misses you. The redback bites you.
The jumping spider leaps!
The helpless demonic crawler fails to defend itself.
You stick the demonic crawler like a pincushion!!!!
You kill the demonic crawler!
The pharaoh ant bites you! The redback bites you!
You are lethally poisoned!
The redback poisons you!
Unknown command.
Read: scroll of fear
Press: ? - help, Q - select action, (/) - cycle Dir - look around, f - activate Look: a redback (chance to affect: 99%)
As you read the scroll of fear, it crumbles to dust.
You assume a fearsome visage.
The redback looks frightened!
The orb spider looks frightened!
The orb spider's many legs skitter faintly.
The pharaoh ant is unaffected.
The jumping spider looks frightened!
* * * LOW HITPOINT WARNING * * *
You feel extremely sick.
You hear a faint skittering sound.
The jumping spider leaps!
The pharaoh ant bites you!
* * * LOW HITPOINT WARNING * * *
The pharaoh ant bites you!!
You die...

## ####### #.#..w
#.#....###..s#..
..............s.
.............#
#..... ..#..##
#.##...s##.##^...
.#....#B.#........
.......##@†........
............°......
........°....).....
...................
............!.#....
...>...............
............#......
......†..$.........
...................


You could see an orb spider (fleeing), a pharaoh ant and a redback (fleeing).

Vanquished Creatures
  Rupert (D:14)
  A dire elephant (D:15)
  Snorg (D:10)
  Josephine (D:10)
  A great orb of eyes (D:12)
  4 hydras
  Harold (D:9)
  An ice dragon (D:15)
  Erica (Orc:1)
  A radroach (Spider:1)
  3 catoblepae
  5 boulder beetles
  10 centaur warriors
  11 death yaks
  7 two-headed ogres
  An occultist (D:11)
  A hell hog (Lair:5)
  A demonic crawler (Spider:1)
  3 tengu warriors
  2 orc high priests (Orc:2)
  4 hell knights (D:12)
  A skyshark (Lair:1)
  Lodul (D:10)
  An orb spider (Lair:3)
  3 arcanists
  Pikel (D:3)
  2 necromancers (D:12)
  A deep elf archer (D:13)
  3 deep elf pyromancers
  3 orc knights
  An orc sorcerer (Orc:2)
  7 cyclopes
  13 ugly things (D:15)
  3 wolf spiders
  3 manticores
  A kobold blastminer (Orc:1)
  3 meliai (D:14)
  6 elephants
  7 black mambas
  Joseph (D:10)
  An orange demon (D:12)
  A rust devil (D:12)
  A torpor snail (D:15)
  16 cane toads
  Jeremiah (D:9)
  4 kobold demonologists (D:13)
  9 rime drakes
  A yaktaur (D:15)
  11 komodo dragons
  An efreet (D:15)
  A queen bee (shapeshifter) (D:14)
  2 tengu conjurers (D:13)
  14 polar bears
  8 trolls
  5 raiju (Lair:5)
  A tarantella (Spider:1)
  13 blink frogs
  10 slime creatures
  11 dream sheep
  A centaur simulacrum (D:11)
  2 jumping spiders (Spider:1)
  45 yaks
  A water elemental (Lair:2)
  3 shadows (D:10)
  7 wyverns
  2 vampires
  7 wraiths
  A culicivora (Spider:1)
  13 humans
  4 basilisks
  12 wargs
  6 vampire mosquitoes
  A steam dragon (D:8)
  A redback (Spider:1)
  Edmund (D:4)
  21 hell hounds
  An acid dragon (D:11)
  Duvessa (D:4)
  20 water moccasins
  A swamp drake (Lair:3)
  5 laughing skulls
  21 orc warriors
  An ice beast (D:7)
  An elephant zombie (D:8)
  11 ogres
  15 black bears
  9 centaurs
  18 wolves
  A tengu (shapeshifter) (D:13)
  2 phantoms (D:6)
  An elf zombie (D:8)
  5 kobold brigands
  14 bullfrogs
  A weeping skull (Ossuary)
  6 gnoll sergeants
  2 scorpions
  5 wights (D:9)
  Dowan (D:4)
  9 killer bees
  2 electric eels
  8 centaur zombies
  8 howler monkeys
  A bullfrog zombie (Ossuary)
  A human zombie (Ossuary)
  6 hounds
  A gnoll bouda (D:5)
  3 jellies
  Crazy Yiuf (D:3)
  29 orc priests
  4 iguanas
  16 orc wizards
  2 scorpion zombies (D:8)
  2 ogre zombies (D:8)
  3 hound zombies (D:8)
  2 howler monkey zombies (D:8)
  9 gnolls
  8 adders
  A shadow imp (D:6)
  A white imp (D:5)
  7 adder zombies
  7 dart slugs
  2 ribbon worms
  68 orcs
  8 bats
  2 endoplasms
  3 giant cockroaches (D:1)
  6 goblins
  8 hobgoblins
  3 jackals (D:3)
  30 kobolds
  3 quokkas
  6 ball pythons
  2 frilled lizards (D:1)
  4 gnoll zombies (Ossuary)
  7 goblin zombies (Ossuary)
  4 hobgoblin zombies (Ossuary)
  3 orc zombies (Ossuary)
  A quokka zombie (D:5)
  4 rats
  A rat zombie (D:5)
799 creatures vanquished.

Vanquished Creatures (collateral kills)
  3 hydras
  3 two-headed ogres (D:13)
  A death yak (Lair:3)
  2 orc high priests (Orc:2)
  A tengu warrior (D:13)
  Sonja (D:13)
  A necromancer (D:12)
  A deep elf pyromancer (D:13)
  An orc sorcerer (Orc:2)
  3 ugly things (D:15)
  A salamander (D:15)
  2 kobold blastminers
  A rust devil (D:12)
  A torpor snail (Lair:4)
  A black mamba (Lair:5)
  2 cane toads
  A tengu conjurer (D:13)
  4 rime drakes
  2 polar bears
  A troll (D:13)
  A tarantella (Spider:1)
  A snapping turtle (Lair:2)
  7 dream sheep
  A blink frog (Lair:2)
  10 yaks
  2 basilisks
  3 humans (D:14)
  4 vampire mosquitoes
  A redback (Spider:1)
  A water moccasin (Lair:5)
  2 hell hounds
  4 orc warriors
  A black bear (Lair:5)
  A laughing skull (D:13)
  9 wolves
  3 centaurs (D:13)
  An ogre (Orc:1)
  3 bullfrogs (Lair:1)
  A gnoll sergeant (D:13)
  2 electric eels
  10 orc priests (Orc:2)
  10 orc wizards
  9 orcs
120 creatures vanquished.

Vanquished Creatures (others)
  21 hexers
  3 ancestors
  An electric eel (Lair:4)
  An orc priest (Orc:1)
  2 orc wizards (Orc:2)
  3 orcs
31 creatures vanquished.

Grand Total: 950 creatures vanquished

Notes
Turn   | Place    | Note
-------+----------+-------------------------------------------
     0 | D:1      | GoblinMatron the Vampire Enchanter began the quest for the
                  | Orb.
     0 | D:1      | Reached XP level 1. HP: 13/13 MP: 3/3
   274 | D:1      | Reached XP level 2. HP: 19/19 MP: 5/5
   277 | D:1      | Reached skill level 5 in Stealth
   286 | D:1      | Learned a level 2 spell: Ensorcelled Hibernation
   677 | D:2      | Gained mutation: You are afflicted with vampirism and can
                  | become a bat while bloodless. [Vampire growth]
   677 | D:2      | Reached XP level 3. HP: 19/24 MP: 3/6
   755 | D:2      | Reached skill level 6 in Stealth
   938 | D:2      | Identified the +0 leather armour of the Wasteland {Dex+3}
   967 | D:2      | Reached XP level 4. HP: 30/30 MP: 4/7
  1549 | D:3      | Noticed a bullfrog
  1564 | D:3      | Killed a bullfrog
  1565 | D:3      | Reached skill level 7 in Stealth
  1565 | D:3      | Reached XP level 5. HP: 20/35 MP: 1/8
  2125 | D:3      | Found a faded altar of an unknown god.
  2145 | D:3      | Found an ornate altar of the Wu Jian Council.
  2456 | D:3      | Found a runed translucent door.
  2457 | D:3      | Noticed Crazy Yiuf
  2654 | D:3      | Learned a level 3 spell: Confusing Touch
  2699 | D:4      | Noticed Pikel
  2700 | D:4      | Noticed a lemure
  2700 | D:4      | Noticed a lemure
  2714 | D:3      | Killed Pikel
  2715 | D:3      | Reached skill level 5 in Short Blades
  2715 | D:3      | Reached skill level 8 in Stealth
  2715 | D:3      | Reached XP level 6. HP: 20/41 MP: 2/11
  2715 | D:3      | Reached XP level 7. HP: 23/46 MP: 2/12
  2813 | D:4      | Found a shimmering blue altar of Sif Muna.
  2945 | D:4      | Noticed Duvessa
  2945 | D:4      | Noticed Dowan
  3228 | D:4      | Found a burning altar of Makhleb.
  3316 | D:4      | Found a sacrificial altar of Ru.
  3443 | D:4      | Noticed Edmund
  3450 | D:4      | Killed Edmund
  3451 | D:4      | Reached skill level 1 in Fighting
  3601 | D:4      | Killed Duvessa
  3602 | D:4      | Reached XP level 8. HP: 56/56 MP: 11/14
  3604 | D:4      | Killed Dowan
  3880 | D:3      | Killed Crazy Yiuf
  3995 | D:5      | Entered Level 5 of the Dungeon
  4211 | D:5      | Found a sand-covered staircase.
  4231 | Ossuary  | Entered an ossuary
  4420 | Ossuary  | Reached skill level 5 in Dodging
  4525 | Ossuary  | Noticed a silent spectre
  4607 | D:5      | Found a shadowy altar of Dithmenos.
  4986 | D:5      | Reached XP level 9. HP: 56/63 MP: 8/15
  5042 | D:5      | Found an ancient bone altar of Kikubaaqudgha.
  5489 | D:6      | Found a hide-covered altar of Uskayaw.
  5497 | D:6      | Reached skill level 9 in Stealth
  5850 | D:6      | Found an opulent altar of Gozag.
  6014 | D:7      | Reached skill level 10 in Stealth
  6035 | D:7      | Found a shimmering altar of Xom.
  6207 | D:7      | Found a staircase to the Ecumenical Temple.
  6228 | Temple   | Found a transporter.
  6228 | Temple   | Found a transporter.
  6228 | Temple   | Found a transporter.
  6228 | Temple   | Found a transporter.
  6228 | Temple   | Entered the Ecumenical Temple
  6496 | D:7      | Reached skill level 11 in Stealth
  7026 | D:8      | Found an ancient bone altar of Kikubaaqudgha.
  7201 | D:8      | Reached skill level 12 in Stealth
  7368 | D:8      | Reached XP level 10. HP: 70/70 MP: 16/16
  7388 | D:8      | Found a bloodstained altar of Trog.
  7782 | D:9      | Noticed a two-headed ogre
  7785 | D:9      | Found a runed translucent door.
  7792 | D:9      | Killed a two-headed ogre
  7793 | D:9      | Reached skill level 5 in Spellcasting
  7859 | D:9      | Noticed Jeremiah
  7961 | D:9      | Killed Jeremiah
  8007 | D:9      | Found a runed translucent door.
  8027 | D:9      | Found a runed translucent door.
  8040 | D:9      | Found a runed translucent door.
  8081 | D:9      | Identified the +0 ring mail "Kapt" {rF+}
  8184 | D:9      | Reached skill level 5 in Fighting
  8196 | D:9      | Noticed Harold
  8221 | D:9      | Killed Harold
  8344 | D:9      | Found Poqon's Assorted Antiques.
  8352 | D:9      | Bought a scroll labelled JIEWELAKHLA for 32 gold pieces
  8352 | D:9      | Bought a scroll labelled QEOBBEO NANIU for 32 gold pieces
  8352 | D:9      | Bought a silvery potion for 28 gold pieces
  8352 | D:9      | Bought a fizzy inky potion for 28 gold pieces
  8352 | D:9      | Bought a grey potion for 28 gold pieces
  8362 | D:9      | Found a staircase to the Lair.
  8702 | D:9      | Noticed an obsidian statue
  8769 | D:10     | Entered Level 10 of the Dungeon
  8769 | D:10     | Noticed Joseph
  8769 | D:10     | Noticed Snorg
  8773 | D:10     | Killed Snorg
  9058 | D:10     | Killed Joseph
  9059 | D:10     | Reached skill level 10 in Hexes
  9059 | D:10     | Reached XP level 11. HP: 76/81 MP: 16/20
  9107 | D:10     | Found a radiant altar of Vehumet.
  9117 | D:10     | Noticed a boulder beetle
  9119 | D:10     | Noticed a two-headed ogre
  9314 | D:10     | Found a basalt altar of Yredelemnul.
  9344 | D:10     | Found a transporter.
  9350 | D:10     | Found a transporter.
  9367 | D:10     | Found a transporter.
  9391 | D:10     | Found a transporter.
  9421 | D:10     | Noticed Josephine
  9468 | D:10     | Found a hazy altar of Hepliaklqana.
  9493 | D:10     | Reached skill level 10 in Short Blades
  9535 | D:10     | Killed Josephine
  9850 | D:10     | Noticed Lodul
  9870 | D:10     | Reached skill level 13 in Stealth
  9976 | D:10     | Killed a two-headed ogre
 10043 | D:10     | Killed a boulder beetle
 10508 | D:10     | Killed Lodul
 10509 | D:10     | Reached skill level 14 in Stealth
 10822 | D:11     | Reached skill level 10 in Dodging
 11041 | D:11     | Noticed an occultist
 11047 | D:11     | Noticed a deep elf pyromancer
 11066 | D:11     | Noticed a deep elf pyromancer
 11089 | D:11     | Noticed a two-headed ogre
 11091 | D:11     | Noticed a centaur warrior
 11105 | D:11     | Killed a two-headed ogre
 11119 | D:11     | Killed a centaur warrior
 11120 | D:11     | Reached skill level 15 in Stealth
 11145 | D:11     | Killed an occultist
 11157 | D:11     | Killed a deep elf pyromancer
 11158 | D:11     | Reached XP level 12. HP: 81/88 MP: 13/21
 11386 | D:11     | Noticed a boulder beetle
 11387 | D:11     | Noticed a boulder beetle
 11397 | D:11     | Killed a boulder beetle
 11403 | D:11     | Killed a boulder beetle
 12098 | D:10     | Became a worshipper of Hepliaklqana the Forgotten
 12263 | D:12     | Noticed a two-headed ogre
 12269 | D:12     | Killed a two-headed ogre
 12455 | D:12     | Found a staircase to the Orcish Mines.
 12906 | D:12     | Reached * piety under Hepliaklqana
 13194 | D:12     | Noticed a two-headed ogre
 13397 | D:12     | Killed a two-headed ogre
 13495 | D:12     | Found a runed translucent door.
 13523 | D:12     | Noticed a great orb of eyes
 13583 | D:12     | Reached skill level 15 in Dodging
 13675 | D:12     | Identified a scroll of acquirement
 13679 | D:12     | Acquired the ring "Qamuz" {rPois rF+ rN++ Int-3 Slay+2}
 13810 | Lair:1   | Entered Level 1 of the Lair of Beasts
 14164 | Lair:1   | Reached ** piety under Hepliaklqana
 14446 | Lair:1   | Reached XP level 13. HP: 85/85 MP: 22/22
 14788 | Lair:1   | Reached skill level 16 in Stealth
 14897 | Lair:1   | Identified the +7 flail "Roibanud" {freeze, rPois Str-2
                  | Int+2 SInv}
 15392 | Lair:1   | Remembered your ancestor Oma as a hexer
 15465 | Lair:2   | Reached skill level 17 in Stealth
 16245 | Lair:2   | Reached *** piety under Hepliaklqana
 16410 | Lair:2   | Found a shadowy altar of Dithmenos.
 16418 | Lair:2   | Reached skill level 18 in Stealth
 16623 | Lair:2   | Found a staircase to the Shoals.
 16927 | Lair:1   | Learned a level 3 spell: Dazzling Flash
 17023 | Lair:3   | Identified the +6 scale mail of Punaut {rElec Int+5 Dex-5}
 17233 | Lair:3   | Reached skill level 19 in Stealth
 17531 | Lair:3   | Found a hole to the Spider Nest.
 17548 | Lair:3   | Reached XP level 14. HP: 80/98 MP: 20/23
 17807 | Lair:3   | Reached skill level 10 in Fighting
 18372 | Lair:4   | Found a staircase to the Slime Pits.
 18372 | Lair:4   | Found a viscous altar of Jiyva.
 18395 | Lair:4   | Reached skill level 20 in Stealth
 18650 | Lair:4   | Reached **** piety under Hepliaklqana
 20493 | Lair:5   | Entered Level 5 of the Lair of Beasts
 21712 | Lair:5   | Reached ***** piety under Hepliaklqana
 22047 | Lair:5   | Reached XP level 15. HP: 104/104 MP: 11/27
 22894 | Orc:1    | Entered Level 1 of the Orcish Mines
 23575 | D:12     | Got the Catalogue of the Fulgent Singularity
 23948 | Orc:1    | Noticed Erica
 23970 | Orc:1    | Killed Erica
 24350 | Orc:2    | Entered Level 2 of the Orcish Mines
 24350 | Orc:2    | Found Cegeah's Armour Shoppe.
 24478 | Orc:2    | Found a staircase to the Elven Halls.
 24500 | Orc:2    | Found a transporter.
 24500 | Orc:2    | Found a one-way gate to the infinite horrors of the Abyss.
 24500 | Orc:2    | Noticed kazak's ghost (journeyman OpFE)
 24550 | Orc:2    | Found a transporter.
 25617 | Orc:2    | Found Layd Ruw's Magic Scroll Boutique.
 25617 | Orc:2    | Found Niqyux's Weapon Shop.
 25617 | Orc:2    | Found Biqomp's Antique Armour Shop.
 25634 | Orc:2    | Found Meupub's Armour Boutique.
 26282 | D:13     | Reached skill level 15 in Hexes
 26560 | D:13     | Noticed Sonja
 26573 | D:13     | Killed Sonja
 26574 | D:13     | Reached skill level 10 in Spellcasting
 26669 | D:13     | Found Buceomm's Magic Scroll Emporium.
 26878 | D:13     | Reached skill level 1 in Invocations
 27571 | D:13     | Identified the +1 ring mail of Wariness {rN+ Str+6}
 27692 | D:13     | Reached XP level 16. HP: 110/110 MP: 30/30
 27936 | D:14     | Found a gate to the Vaults.
 27961 | D:13     | Reached skill level 5 in Invocations
 28618 | D:14     | Found Qeacsyt's General Store.
 28887 | D:14     | Found Zikum's Jewellery Boutique.
 29121 | D:14     | Noticed Rupert
 29136 | D:14     | Killed Rupert
 29450 | D:14     | Found Namyisokh's Magic Scroll Shoppe.
 29453 | D:14     | Bought a scroll of teleportation for 42 gold pieces
 29453 | D:14     | Bought a scroll of teleportation for 42 gold pieces
 29453 | D:14     | Bought a scroll of teleportation for 42 gold pieces
 29453 | D:14     | Bought a scroll of fear for 56 gold pieces
 29613 | D:14     | Found Waunynt's Armour Shop.
 29883 | D:14     | Found Filouhuff's Assorted Antiques.
 29902 | D:14     | Bought a silvery potion for 33 gold pieces
 29902 | D:14     | Bought a lumpy pink potion for 33 gold pieces
 29938 | D:15     | Entered Level 15 of the Dungeon
 30327 | D:15     | HP: 5/110 [salamander/+4 halberd (11)]
 30546 | D:15     | Reached ****** piety under Hepliaklqana
 30611 | D:15     | Found the +4 skin of Zhor {*Englaciate rC+++ SInv}
 30789 | D:15     | Found a staircase to the Depths.
 31845 | Spider:1 | Entered Level 1 of the Spider Nest
 31858 | Spider:1 | Reached skill level 10 in Invocations
 31910 | Spider:1 | Reached skill level 1 in Translocations
 31937 | Spider:1 | Mangled by a pharaoh ant

Illustrated notes

Levels and vault maps discovered:
D:1:      minmay_arrival_shattered_statue, layout_rooms
D:2:      layout_basic, kennysheep_generic_room_8
D:3:      layout_basic, nicolae_wu_jian_wuxing_cycle,
          ebering_ecumenical_altar_mist, minmay_guardbox,
          uniq_crazy_yiuf_cottage
D:4:      layout_basic, lemuel_coloured_pillars_altar, old_standard_altar,
          mainiacjoe_overflow_concentric_impassable, uniq_duvessa, uniq_pikel,
          uniq_edmund
D:5:      layout_gridville, mainiacjoe_overflow_brackets,
          kiku_gazebo_garden_becter, enter_ossuary_4
D:6:      layout_basic, general_overflow_altar, mainiacjoe_overflow_paths,
          lemuel_tele_altar
D:7:      layout_basic, mainiacjoe_overflow_chevrons, minmay_temple_entry_wispy
D:8:      layout_loops_cross, overflow_temple_1_default,
          mainiacjoe_overflow_tiny_flanked, roadster_capsule_ark_zombie
D:9:      layout_rooms, lair_entry_dummy, serial_shops, nicolae_square_shop,
          minmay_statue_crystal_thing, uniq_jeremiah, uniq_harold
D:10:     layout_rooms, vehumet_altar_wand_db, yredelemnul_altar_generic,
          nicolae_overflow_hidden_temple, nicolae_transporter_intersection,
          uniq_lodul, uniq_joseph, uniq_josephine, uniq_snorg
D:11:     layout_stronghold, fountainhead, st_stairs_3,
          minmay_fractal_squares_gapless_7
D:12:     mludivico_vault, layout_gridville, david_orc_5
D:13:     lemuel_castle_with_subvaults [lemuel_castle_interior_carwin_3],
          layout_irregular_city, serial_shops, nicolae_shop_window_shopping,
          uniq_sonja
D:14:     layout_stronghold, david_vaults_3, roderic_serpentine_path,
          serial_shops, shop, shop, nicolae_shop_real_fake_doors,
          nicolae_shop_waterfront, shop, uniq_rupert
D:15:     hangedman_depths_entry_try_elsewhere_first, layout_long_grid,
          chequers_serial_rivers_room_b, hellmonk_guarded_unrand_zhor
Temple:   hellmonk_temple_divided_pantheon
Lair:1:   layout_cave_pods, hangedman_lair_unloving_vines, grunt_megastairs_4
Lair:2:   layout_regular_city, minmay_shoals_entry_hut, basic_altar,
          chequers_serial_rivers_micro_e, grunt_megastairs_3
Lair:3:   layout_roguey, nicolae_spider_entry_orb_guardian, pond,
          serial_bayou_shore_a
Lair:4:   nzn_winding_woodlands_three_and_one
          [nzn_winding_woodlands_5x15_pathside_ponds,
          nzn_winding_woodlands_5x15_river_crossing,
          nzn_winding_woodlands_5x15_twine,
          nzn_winding_woodlands_center_triple_pond], layout_cave_pods,
          slime_entry_1
Lair:5:   hangedman_lair_caniforms_friends, layout_cave_pods,
          cheibrodos_lair_lostbears, infiniplex_staircase_pool
Spider:1: layout_spider_delve, hangedman_spider_tarantella_strand
Orc:1:    layout_caves, uniq_erica
Orc:2:    st_orc_mages, layout_caves, serial_shops, nicolae_shop_mannequins,
          gammafunk_ghost_abyssal_escape

Skill      XL: |  1  2  3  4  5  6  7  8  9 10 11 12 13 14 15 16 |
---------------+-------------------------------------------------+-----
Stealth        | 5 6 7 8 12 15 19 20 | 20.0
Short Blades   | 2 3 4 5 8 9 10 11 14 | 14.0
Spellcasting   | 3 4 6 8 10 | 10.0
Hexes          | 6 8 10 13 15 | 15.0
Fighting       | 1 3 6 9 10 | 10.3
Dodging        | 3 8 11 15 | 15.0
Invocations    | 4 10 | 10.0
Translocations | 2 |  2.3

Action                     |  1- 3 |  4- 6 |  7- 9 | 10-12 | 13-15 | 16-18 || total
---------------------------+-------+-------+-------+-------+-------+-------++-------
  Melee: Dagger            |    68 |    77 |    39 |       |       |       ||   184
         Bite              |     4 |     4 |    73 |    59 |   177 |    31 ||   348
         Punch             |     1 |     1 |     8 |     7 |    20 |     1 ||    38
         Rapier            |       |       |   437 |   437 |  1162 |   229 ||  2265
   Cast: Ensorcelled Hiber |    11 |    24 |    64 |   174 |   371 |    88 ||   732
         Confusing Touch   |       |       |     9 |    26 |    72 |    15 ||   122
         Dazzling Flash    |       |       |       |       |    21 |     2 ||    23
 Invoke: Ancestor Life: He |       |       |       |       |     1 |       ||     1
  Evoke: Wand              |       |       |       |     3 |     3 |       ||     6
    Use: Potion            |       |     1 |       |     1 |     2 |     3 ||     7
         Scroll            |       |       |       |    14 |    17 |     6 ||    37
   Stab: Sleeping          |    14 |    25 |    61 |   103 |   140 |    43 ||   386
         Distracted        |     1 |       |     2 |     4 |    31 |     2 ||    40
         Invisible         |       |     1 |       |       |    15 |     1 ||    17
         Confused          |       |       |     9 |    28 |   101 |    19 ||   157
         Paralysed         |       |       |       |       |    39 |    25 ||    64
         Fleeing           |       |       |       |       |     1 |       ||     1
         Petrifying        |       |       |       |       |       |     2 ||     2
 Armour: Robe              |    34 |       |       |       |       |       ||    34
         Leather armour    |       |    39 |   316 |    37 |       |       ||   392
         Troll leather arm |       |       |       |   194 |   167 |       ||   361
         Scale mail        |       |       |       |       |   579 |   201 ||   780
  Dodge: Dodged            |    38 |    44 |   383 |   435 |  1244 |   247 ||  2391
